 Dungeon Crawl Stone Soup version 0.26.0-10-g1f06aea511 (webtiles) character file.

Game seed: 6880663698722169877

64348 MisterFreud the Destroyer (level 14, 0/111 HPs)
             Began as a Demonspawn Conjurer on Jan 31, 2021.
             Was an Initiate of Gozag.
             Slain by a seven-headed hydra (3 damage)
             ... on level 12 of the Dungeon.
             The game lasted 01:17:20 (34261 turns).

MisterFreud the Destroyer (Demonspawn Conjurer)    Turns: 34261, Time: 01:17:21

Health: 0/111      AC: 19    Str:  9    XL:     14   Next: 71%
Magic:  0/26       EV: 22    Int: 24    God:    Gozag
Gold:   4801       SH:  4    Dex: 11    Spells: 15/29 levels left

rFire    . . .     SeeInvis .   x - +2 dagger (venom)
rCold    . . .     Faith    .   s - +0 buckler
rNeg     + . .     Spirit   +   R - +2 steam dragon scales
rPois    .         Reflect  .   Z - +2 hat of the Bear Spirit {Spirit, +Rage rN+ Will++}
rElec    .         Harm     .   A - +2 cloak
rCorr    .         Rampage  .   b - +0 pair of gloves
Will     ++++.                  h - +0 pair of boots
Stlth    ++++......             p - amulet of magic regeneration
HPRegen  0.28/turn              D - ring of willpower
MPRegen  0.65/turn              a - +4 ring of protection

@: agile, gold aura, slowed, very slow
A: claws 2, rugged brown scales 1, powered by pain 2, magic shield, magic
regeneration
a: Renounce Religion, Evoke Berserk Rage, Potion Petition, Call Merchant, Bribe
Branch


You were on level 12 of the Dungeon.
You worshipped Gozag.
Gozag was most pleased with you.
You visited 4 branches of the dungeon, and saw 22 of its levels.

You collected 5684 gold pieces.
You spent 58 gold pieces at shops.
You paid 825 gold pieces to Gozag.

Inventory:

Hand Weapons
 x - a +2 dagger of venom (weapon)
Missiles
 e - 7 silver javelins
 k - 21 poisoned darts
 m - 21 curare-tipped darts
 v - 18 boomerangs
Armour
 b - a +0 pair of gloves (worn)
 h - a +0 pair of boots (worn)
 s - a +0 buckler (worn)
 A - a +2 cloak (worn)
 R - +2 steam dragon scales (worn)
 Z - the +2 hat of the Bear Spirit (worn) {Spirit, +Rage rN+ Will++}
   (You found it on level 4 of the Lair of Beasts)

   It protects you from negative energy.
   It affects your willpower, your defense against some magical effects.
   It lets you go berserk.
Jewellery
 a - a +4 ring of protection (right hand)
 j - an uncursed amulet of reflection
 n - an uncursed ring of resist corrosion
 p - an amulet of magic regeneration (around neck)
 r - an uncursed ring of see invisible
 D - a ring of willpower (left hand)
 S - an uncursed ring of poison resistance
Wands
 f - a wand of paralysis (7)
 t - a wand of digging (2)
 u - a wand of flame (13)
 z - a wand of disintegration (27)
 K - a wand of enslavement (17)
 O - a wand of polymorph (6)
 U - a wand of acid (2)
 W - a wand of iceblast (5)
Scrolls
 c - 8 scrolls of teleportation
 d - 4 scrolls of enchant weapon
 g - 4 scrolls of magic mapping
 l - 3 scrolls of immolation
 y - 5 scrolls of enchant armour
 C - 2 scrolls of amnesia
 F - 2 scrolls of fear
 J - 3 scrolls of blinking
 V - 2 scrolls of fog
 X - 2 scrolls of remove curse
 Y - 4 scrolls of identify
Potions
 i - 2 potions of haste
 o - 2 potions of magic
 q - 4 potions of mutation
 w - 2 potions of attraction
 B - 4 potions of flight
 E - a potion of resistance
 G - 6 potions of ambrosia
 H - 2 potions of lignification
 I - 3 potions of heal wounds
 L - 4 potions of might
 M - a potion of invisibility
 N - 6 potions of curing
 Q - a potion of brilliance
Miscellaneous
 P - a box of beasts


   Skills:
 + Level 9.4 Fighting
 - Level 10.0 Short Blades
 - Level 10.0 Dodging
 - Level 10.0 Stealth
 - Level 4.0 Shields
 - Level 8.0 Spellcasting
 - Level 10.0 Conjurations
 - Level 6.0 Hexes
 - Level 6.0 Air Magic
 + Level 7.1 Evocations


You had 15 spell levels left.
You knew the following spells:

 Your Spells              Type           Power        Failure   Level
a - Magic Dart            Conj           100%         1%          1
b - Fulminant Prism       Conj/Hex       24%          2%          4
c - Lightning Bolt        Conj/Air       24%          7%          5
d - Airstrike             Air            19%          5%          4

Your spell library contained the following spells:

 Spells                   Type           Power        Failure   Level
 Shock                    Conj/Air       100%         1%          1
 Searing Ray              Conj           100%         1%          2
 Swiftness                Air            38%          1%          2
 Dazzling Flash           Conj/Hex       96%          1%          3
 Static Discharge         Conj/Air       48%          1%          3
 Animate Skeleton         Necr           18%          6%          1
 Pain                     Necr           36%          6%          1
 Iskenderun's Mystic Bla  Conj/Tloc      33%          9%          4
 Sublimation of Blood     Necr           4%           10%         2
 Ignite Poison            Fire/Tmut/Pois 9%           19%         3
 Vampiric Draining        Necr           4%           19%         3
 Irradiate                Conj/Tmut      16%          22%         5
 Animate Dead             Necr           4%           54%         4
 Petrify                  Tmut/Erth      9%           54%         4
 Agony                    Necr           9%           87%         5
 Alistair's Intoxication  Tmut/Pois      6%           87%         5
 Eringya's Noxious Bog    Tmut/Pois      4%           100%        6
 Ignition                 Fire           4%           100%        8
 Shatter                  Erth           4%           100%        9
 Tornado                  Air            19%          100%        9


Dungeon Overview and Level Annotations

Branches:
Dungeon (13/15)            Temple (1/1) D:6            Lair (6/6) D:10
  Swamp (0/4) Lair:2       Spider (0/4) Lair:2        Slime (0/5) Lair:6
    Orc (2/2) D:9             Elf (0/3) Orc:2
 Vaults: D:13-14

Altars:
Ashenzari
Cheibriados
Dithmenos
Elyvilon
Fedhas
Gozag
Nemelex Xobeh
Okawaru
Qazlal
Ru
Sif Muna
Trog
Vehumet
Wu Jian
Xom
Yredelemnul
Zin
Jiyva

Shops:
D:8 *   Orc:1 =

Annotations:
D:6 3 runed translucent doors, Gypyx's ghost, novice HaHu
D:12 3 runed translucent doors
Lair:4 3 runed translucent doors, Vufrucs's ghost, journeyman DrTm
Lair:6 exclusion: 4 oklob plants
Orc:2 Saint Roka


Innate Abilities, Weirdness & Mutations

You have very sharp fingernails.
You are partially covered in rugged brown scales. (AC +1, +3% HP)
You sometimes gain power by taking damage.
When hurt, damage is shared between your health and your magic reserves.
You regenerate magic rapidly.


Message History

Unknown command.
Unknown command.
Unknown command.
Unknown command.
Unknown command.
You block the seven-headed hydra's attack.
The seven-headed hydra bites you!
* * * LOW HITPOINT WARNING * * *
You focus on the pain.
You feel agile all of a sudden. The seven-headed hydra bites you!
* * * LOW HITPOINT WARNING * * *
The seven-headed hydra bites you!
* * * LOW HITPOINT WARNING * * *
The seven-headed hydra bites you!
* * * LOW HITPOINT WARNING * * *
The seven-headed hydra closely misses you.
The seven-headed hydra bites you.
You die...
Your body crumbles into a pile of gold.

.....#..............#..())..(()..
#...##..####..###########'##..###
#...########..##########((#######
.....#..#.....'..................
.....'..#.....#.......((.........
##..######..####..##(.###.###.###
################..##.(###.###.###
.#...........#......(((....'.....
.#.......>...$.D@...(..(...#.....
.#...........#........).)<(#.....
#.....###..###..#.(#((.##########
###...########..######..#u$..#.$
#..........)....# #..#G#.#.#
#...............# #..+Gu..#.
#...............# #..+uu#!..
###...###..####.## ##.+....#.
..#...###..###### #.#.#.#.#


You could see a seven-headed hydra (very poisoned).

Vanquished Creatures
  Nessos (Lair:6)
  5 hydras
  Erolcha (D:10)
  2 boulder beetles
  Erica (Lair:1)
  A death knight (D:12)
  A two-headed ogre (D:8)
  6 death yaks
  Urug (D:10)
  Sonja (Orc:1)
  2 skeletal warriors (D:12)
  2 unseen horrors (D:11)
  A deep troll (shapeshifter) (D:13)
  A swamp dragon (Lair:2)
  An orc knight (Orc:1)
  Pikel (D:4)
  2 ugly things
  3 orc sorcerers
  14 elephants
  Joseph (D:7)
  A torpor snail (Lair:5)
  16 cane toads
  2 gargoyles
  4 black mambas
  Maggie (D:9)
  A freezing wraith (D:12)
  A centaur skeleton (D:10)
  9 komodo dragons
  4 rime drakes
  A queen bee (Lair:5)
  A hornet (D:13)
  3 meliai (Lair:5)
  4 trolls
  Grinder (D:3)
  2 polar bears
  Prince Ribbit (D:7)
  A dream sheep (Lair:6)
  19 blink frogs
  A redback (Lair:4)
  5 basilisks
  Sigmund (D:4)
  A wraith (D:12)
  54 yaks
  6 wyverns
  A steam dragon (Lair:5)
  2 wargs (Orc:1)
  An acid dragon (D:13)
  A hell hound (D:12)
  Duvessa (D:5)
  14 water moccasins
  6 black bears
  11 ogres
  12 orc warriors
  A phantom (D:10)
  An eye of draining (D:9)
  3 ice beasts
  A necrophage (D:5)
  12 centaurs
  15 wolves
  Blork the orc (D:6)
  2 lemures (D:4)
  4 big kobolds
  A gnoll sergeant (D:8)
  18 bullfrogs
  A wyvern zombie (D:11)
  Dowan (D:5)
  2 scorpions
  32 killer bees
  5 wights (D:10)
  An electric eel (Lair:6)
  5 bullfrog zombies
  2 centaur zombies
  7 jellies
  3 hounds
  A bullfrog skeleton (D:10)
  17 orc priests
  5 iguanas
  12 worker ants
  15 orc wizards
  A killer bee zombie (D:9)
  A hound zombie (D:9)
  A hound skeleton (D:4)
  A mummy (D:6)
  3 worker ant zombies
  14 gnolls
  A howler monkey skeleton (D:9)
  11 adders
  3 river rats (D:5)
  A shadow imp (D:8)
  3 white imps
  2 ufetubi
  2 oozes
  5 worms
  2 dart slugs (D:1)
  5 leopard geckos
  33 orcs
  6 bats
  9 giant cockroaches
  9 hobgoblins
  6 jackals (D:5)
  19 kobolds
  4 quokkas
  2 ball pythons
  2 frilled lizards
  13 goblins
  A hobgoblin zombie (D:6)
  3 kobold zombies (D:6)
  3 leopard gecko skeletons
  10 rats
581 creatures vanquished.

Vanquished Creatures (others)
  An orc wizard (Orc:2)
  An orc (Orc:2)
  166 fulminant prisms
  63 fungi
  91 plants
322 creatures vanquished.

Grand Total: 903 creatures vanquished

Notes
Turn   | Place    | Note
-------+----------+-------------------------------------------
     0 | D:1      | MisterFreud the Demonspawn Conjurer began the quest for the
                  | Orb.
     0 | D:1      | Reached XP level 1. HP: 13/13 MP: 3/3
   290 | D:1      | Gained mutation: You sometimes gain a little power by
                  | taking damage. [demonic ancestry]
   290 | D:1      | Reached XP level 2. HP: 19/19 MP: 0/5
   975 | D:1      | Reached skill level 5 in Conjurations
  1095 | D:2      | Reached XP level 3. HP: 24/24 MP: 4/6
  1265 | D:2      | Found a bloodstained altar of Trog.
  1570 | D:2      | Gained mutation: You have sharp fingernails. [demonic
                  | ancestry]
  1570 | D:2      | Reached XP level 4. HP: 30/30 MP: 3/7
  2376 | D:2      | Reached XP level 5. HP: 33/35 MP: 5/9
  2603 | D:2      | Found a sacrificial altar of Ru.
  3112 | D:3      | Noticed Grinder
  3130 | D:3      | Killed Grinder
  3131 | D:3      | Gained mutation: When hurt, damage is shared between your
                  | health and your magic reserves. [demonic ancestry]
  3131 | D:3      | Reached XP level 6. HP: 41/46 MP: 1/12
  3250 | D:3      | Found a blossoming altar of Fedhas.
  3958 | D:5      | Entered Level 5 of the Dungeon
  4174 | D:5      | Reached XP level 7. HP: 54/54 MP: 5/13
  4375 | D:5      | Learned a level 4 spell: Fulminant Prism
  4693 | D:6      | Reached skill level 1 in Hexes
  4720 | D:5      | Noticed Duvessa
  4723 | D:5      | Noticed Dowan
  4752 | D:4      | Found a glowing silver altar of Zin.
  5240 | D:4      | Noticed Sigmund
  5252 | D:4      | Killed Sigmund
  5253 | D:4      | Gained mutation: You have very sharp fingernails. [demonic
                  | ancestry]
  5253 | D:4      | Reached XP level 8. HP: 57/60 MP: 4/14
  5908 | D:4      | Reached skill level 5 in Hexes
  6113 | D:4      | Found a bloodstained altar of Trog.
  6313 | D:4      | Noticed Pikel
  6335 | D:4      | Killed Pikel
  7220 | D:5      | Gained mutation: You regenerate magic rapidly. [demonic
                  | ancestry]
  7220 | D:5      | Reached XP level 9. HP: 59/65 MP: 6/15
  7336 | D:5      | Found a sparkling altar of Nemelex Xobeh.
  7431 | D:5      | Found a snail-covered altar of Cheibriados.
  7846 | D:5      | Killed Dowan
  7875 | D:5      | Killed Duvessa
  8085 | D:6      | Found a staircase to the Ecumenical Temple.
  8085 | D:6      | Found a faded altar of an unknown god.
  8247 | D:6      | Found a runed translucent gate.
  8248 | D:6      | Found a runed translucent gate.
  8250 | D:6      | Found a runed translucent gate.
  8252 | D:6      | Noticed Gypyx's ghost (novice HaHu)
  8417 | D:6      | Noticed Blork the orc
  8431 | D:6      | Killed Blork the orc
  8682 | D:6      | Found a white marble altar of Elyvilon.
  8755 | D:6      | Reached skill level 10 in Conjurations
  9312 | D:7      | Noticed Joseph
  9328 | D:7      | Killed Joseph
  9329 | D:7      | Reached skill level 5 in Spellcasting
  9506 | D:7      | Noticed Prince Ribbit
  9522 | D:7      | Killed Prince Ribbit
  9694 | D:7      | Found a shadowy altar of Dithmenos.
  9948 | Temple   | Entered the Ecumenical Temple
  9962 | Temple   | Became a worshipper of Gozag Ym Sagoz the Greedy
 10097 | D:7      | Found a shimmering altar of Xom.
 10110 | D:7      | Found a shimmering altar of Xom.
 10213 | D:7      | Found a shimmering altar of Xom.
 10214 | D:7      | Found a shimmering altar of Xom.
 10215 | D:7      | Found a shimmering altar of Xom.
 10216 | D:7      | Found a shimmering altar of Xom.
 10368 | D:7      | Noticed a jumping spider
 10368 | D:7      | Noticed an orb spider
 10372 | D:7      | Found a shimmering altar of Xom.
 10373 | D:7      | Found a shimmering altar of Xom.
 10468 | D:7      | Noticed a manticore
 10469 | D:7      | Noticed a moth of wrath
 10473 | D:7      | Noticed a yaktaur
 10473 | D:7      | a manticore changed into a yaktaur
 10531 | D:8      | Found a stormy altar of Qazlal.
 10727 | D:8      | Noticed a two-headed ogre
 10749 | D:8      | Reached XP level 10. HP: 57/73 MP: 16/19
 11062 | D:8      | Found a sacrificial altar of Ru.
 11196 | D:8      | Killed a two-headed ogre
 11197 | D:8      | Reached skill level 5 in Fighting
 11197 | D:8      | Reached skill level 5 in Dodging
 11273 | D:8      | Found Nuzxuf's Assorted Antiques.
 11293 | D:8      | Bought a purple potion for 29 gold pieces
 11293 | D:8      | Bought an orange potion for 29 gold pieces
 11851 | D:9      | Killed a gargoyle
 11852 | D:9      | Reached skill level 1 in Short Blades
 12207 | D:9      | Noticed Maggie
 12208 | D:9      | Found an ornate altar of the Wu Jian Council.
 12226 | D:9      | Killed Maggie
 12605 | D:10     | Entered Level 10 of the Dungeon
 12891 | D:10     | Reached XP level 11. HP: 82/83 MP: 18/22
 12913 | D:10     | Found an opulent altar of Gozag.
 13575 | D:10     | Noticed Erolcha
 13589 | D:10     | Killed Erolcha
 13844 | D:10     | Noticed Urug
 13930 | D:10     | Killed Urug
 14077 | D:10     | Found a staircase to the Lair.
 14347 | D:11     | Reached skill level 5 in Short Blades
 14430 | D:11     | Noticed a boulder beetle
 15205 | D:11     | Killed an unseen horror
 15862 | D:11     | Killed an unseen horror
 16115 | Lair:1   | Entered Level 1 of the Lair of Beasts
 16453 | Lair:1   | Noticed an eight-headed hydra
 16475 | Lair:1   | Killed an eight-headed hydra
 16476 | Lair:1   | Gained mutation: You are partially covered in rugged brown
                  | scales. (AC +1, +3% HP) [demonic ancestry]
 16476 | Lair:1   | Reached XP level 12. HP: 74/94 MP: 16/24
 16579 | Lair:1   | You fall into a shaft and drop 1 floor!
 16579 | Lair:2   | Found a staircase to the Swamp.
 16589 | Lair:2   | Reached skill level 5 in Stealth
 16624 | Lair:2   | Found a shimmering blue altar of Sif Muna.
 17035 | Lair:1   | Noticed Erica
 17060 | Lair:1   | Killed Erica
 17538 | Lair:2   | Noticed a boulder beetle
 17547 | Lair:2   | Reached skill level 10 in Dodging
 17647 | Lair:1   | Learned a level 5 spell: Lightning Bolt
 17821 | D:11     | Killed a boulder beetle
 17822 | D:11     | Reached skill level 1 in Air Magic
 18192 | D:12     | Noticed a purple very ugly thing
 18193 | D:12     | Found a runed translucent gate.
 18221 | D:12     | Found a runed translucent gate.
 18221 | D:12     | Found a runed translucent gate.
 19444 | D:9      | Found a broken altar of Ashenzari.
 19624 | D:9      | Found a staircase to the Orcish Mines.
 20063 | D:13     | Noticed a death knight
 20065 | D:13     | Noticed a tengu warrior
 20067 | D:13     | Noticed a seven-headed hydra
 20072 | D:13     | Reached skill level 1 in Evocations
 20223 | D:13     | Noticed a centaur warrior
 20437 | Orc:1    | Entered Level 1 of the Orcish Mines
 20525 | Orc:1    | Found a bloodstained altar of Trog.
 20525 | Orc:1    | Noticed Sonja
 20528 | Orc:1    | Killed Sonja
 20809 | Orc:1    | Found Iles Riw's Jewellery Emporium.
 21038 | Orc:2    | Entered Level 2 of the Orcish Mines
 21038 | Orc:2    | Found a staircase to the Elven Halls.
 21597 | Orc:1    | Learned a level 4 spell: Airstrike
 21697 | Orc:2    | Reached XP level 13. HP: 68/100 MP: 25/25
 22205 | Orc:2    | Paralysed by an orc sorcerer for 2 turns
 22484 | Orc:2    | Noticed Saint Roka
 23914 | Lair:2   | Reached skill level 5 in Air Magic
 24151 | Lair:2   | Found a hole to the Spider Nest.
 26412 | Lair:3   | Reached skill level 1 in Shields
 26959 | Lair:4   | Reached skill level 5 in Evocations
 27230 | Lair:4   | Found a runed translucent door.
 27236 | Lair:4   | Found the +2 hat of the Bear Spirit {Spirit, +Rage rN+
                  | Will++}
 27547 | Lair:4   | Found a runed translucent gate.
 27547 | Lair:4   | Found a runed translucent gate.
 27547 | Lair:4   | Found a runed translucent gate.
 27549 | Lair:4   | Noticed Vufrucs's ghost (journeyman DrTm)
 28744 | Lair:4   | Gained mutation: You sometimes gain power by taking damage.
                  | [demonic ancestry]
 28744 | Lair:4   | Reached XP level 14. HP: 24/108 MP: 2/26
 31627 | Lair:5   | Reached skill level 10 in Stealth
 31778 | Lair:5   | Reached skill level 10 in Short Blades
 31921 | Lair:6   | Entered Level 6 of the Lair of Beasts
 31931 | Lair:6   | Found a viscous altar of Jiyva.
 31931 | Lair:6   | Found a staircase to the Slime Pits.
 32968 | Lair:6   | Noticed Nessos
 32976 | Lair:6   | Killed Nessos
 34261 | D:12     | HP: 3/111 [seven-headed hydra (7)]
 34261 | D:12     | Slain by a seven-headed hydra

Illustrated notes

Levels and vault maps discovered:
D:1:      psy_arrival_whirlpool, layout_basic
D:2:      layout_loops_ring, nicolae_ru_awakened_eye, bloody_trog
D:3:      layout_basic, general_overflow_altar, grunt_ministairs_8, uniq_grinder
D:4:      layout_basic, lemuel_round_altar, nicolae_overflow_hidden_temple,
          kennysheep_generic_room_15, uniq_sigmund, uniq_pikel
D:5:      layout_layer_cave, marbit_many_paths,
          nemelex_xobeh_ov_fountains_minmay, lightli_sewer_entry_pipes,
          uniq_duvessa
D:6:      layout_cave_pods, lemuel_doored_altar,
          nicolae_temple_entry_ecumenical, gammafunk_ghost_necromancy,
          serial_bayou_pond_d, minivault_1, minmay_mini_ossuary,
          uniq_blork_the_orc
D:7:      layout_basic, nicolae_dithmenos_shadow_blocks, xom_shifter_show,
          enter_bailey_3, uniq_joseph, uniq_prince_ribbit1
D:8:      layout_basic, nicolae_qazlal_general_emergency, basic_altar,
          serial_shops, nicolae_shop_overgrown_old_shop, serial_aquarium,
          aquarium_bridge_square [aquarium_subvault_bridge,
          aquarium_subvault_wall, aquarium_subvault_window,
          aquarium_subvault_wall], aquarium_window_1, aquarium_window_1,
          aquarium_view_4, aquarium_view_2b, aquarium_balcony_double_2,
          aquarium_pool_double
D:9:      layout_loops_ring, ashenzari_altar_1, nzn_wu_jian_council_hall,
          orc_0_dummy, uniq_maggie
D:10:     layout_gridville, grunt_lair_entry_orc_guard_hut, basic_altar,
          uniq_urug, uniq_erolcha
D:11:     layout_loops_ring
D:12:     layout_gridville, ploomutoo_gammafunk_ghost_potion_laboratory
D:13:     layout_basic, uniq_azrael, uniq_rupert
Temple:   zaba_magenta_temple
Lair:1:   layout_cave_pods, st_stairs_3, uniq_erica
Lair:2:   layout_cave_pods, minmay_swamp_entry_reptiles, dummy_spider_entry,
          basic_altar
Lair:3:   layout_roguey
Lair:4:   gammafunk_indiana_jones, layout_cave_pods, gammafunk_ghost_hydra_chop,
          minivault_24
Lair:5:   regret_index_tunnel_blossom, layout_misc_corridors,
          infiniplex_staircase_pool_2, serial_bayou_shore_b
Lair:6:   hangedman_lair_in_review, layout_loops_ring, slime_altar_1,
          serial_bayou_shore_a, minmay_lair_oklob_chamber, uniq_nessos
Orc:1:    layout_caves, serial_shops, nicolae_shop_statue_plus, basic_altar,
          uniq_sonja
Orc:2:    st_orc_mages, layout_caves, serial_shops, bzr_entry_safe,
          lightli_church_of_beogh, uniq_saint_roka

Skill      XL: |  1  2  3  4  5  6  7  8  9 10 11 12 13 14 |
---------------+-------------------------------------------+-----
Conjurations   | 5 6 8 10 | 10.0
Spellcasting   | 4 6 7 8 |  8.0
Fighting       | 2 4 6 8 9 |  9.4
Dodging        | 2 4 6 8 10 | 10.0
Hexes          | 4 6 |  6.0
Short Blades   | 2 6 7 9 10 | 10.0
Stealth        | 4 6 8 10 | 10.0
Air Magic      | 3 6 |  6.0
Evocations     | 2 5 7 |  7.1
Shields        | 3 4 |  4.0

Action                   |  1- 3 |  4- 6 |  7- 9 | 10-12 | 13-15 || total
-------------------------+-------+-------+-------+-------+-------++-------
Melee: Unarmed           |    16 |       |       |       |       ||    16
       Club              |    11 |    16 |       |       |       ||    27
       Hand axe          |       |    16 |    42 |       |       ||    58
       Dagger            |       |       |    90 |   770 |  1000 ||  1860
Throw: Dart              |       |       |     3 |       |       ||     3
 Cast: Magic Dart        |    66 |   117 |   344 |   163 |    41 ||   731
       Fulminant Prism   |       |       |    18 |    90 |    58 ||   166
       Lightning Bolt    |       |       |       |    15 |    74 ||    89
       Airstrike         |       |       |       |       |    29 ||    29
Invok: Potion Petition   |       |       |       |       |     2 ||     2
Evoke: Wand              |       |       |       |     2 |     9 ||    11
  Use: Scroll            |       |     2 |    16 |     2 |    11 ||    31
       Potion            |       |     2 |     2 |       |     1 ||     5
 Stab: Sleeping          |       |       |     2 |     9 |    11 ||    22
       Distracted        |       |       |       |     4 |     3 ||     7
       Paralysed         |       |       |       |     2 |       ||     2
Armor: Robe              |    14 |     7 |    60 |    14 |       ||    95
       Steam dragon scal |       |       |       |   217 |   356 ||   573
Dodge: Dodged            |    38 |    36 |   202 |   598 |   749 ||  1623
Block: Buckler           |       |       |       |       |    74 ||    74
